 Dungeon Crawl Stone Soup version 0.27-a0-1312-g5cdb2b3542 (webtiles) character file.

Game seed: 12568801165044955462

338 freelancePsychic the Conjurer (level 6, -1/32 HPs)
             Began as a Gargoyle Conjurer on June 19, 2021.
             Slain by a centaur (2 damage)
             ... on level 4 of the Dungeon.
             The game lasted 00:07:48 (3577 turns).

freelancePsychic the Conjurer (Gargoyle Conjurer)   Turns: 3577, Time: 00:07:49

Health: -1/32      AC:  7    Str: 10    XL:     6   Next: 55%
Magic:  4/10       EV:  7    Int: 21    God:
Gold:   193        SH: 12    Dex:  8    Spells: 8/11 levels left

rFire    + . .     SeeInvis .   i - +1 mace (vamp)
rCold    . . .     Faith    .   h - +0 tower shield
rNeg     + . .     Spirit   .   a - +0 robe
rPois    ∞         Reflect  .   g - +0 helmet
rElec    +         Harm     .   (no cloak)
rCorr    .         Rampage  .   (no gloves)
Will     .....                  (no boots)
Stlth    ++........             (no amulet)
HPRegen  0.10/turn              d - ring of protection from fire
MPRegen  0.12/turn              (no ring)

@: very slightly contaminated
A: sickness immunity, AC +4, negative energy resistance 1, electricity
resistance, torment resistance 1, petrification resistance
a: no special abilities


You were on level 4 of the Dungeon.
You visited 1 branch of the dungeon, and saw 4 of its levels.
You also visited: Sewer.

You collected 193 gold pieces.

Inventory:

Hand Weapons
 i - a +1 vampiric mace (weapon)
Armour
 a - a +0 robe (worn)
 g - a +0 helmet (worn)
 h - a +0 tower shield (worn)
Jewellery
 d - a ring of protection from fire (left hand)
Wands
 c - a wand of acid (4)
Scrolls
 b - a scroll of torment
Potions
 e - a potion of haste {@q3}
 f - a potion of berserk rage
 j - a potion of ambrosia {unknown}
 k - a potion of invisibility {unknown}


   Skills:
 - Level 1.5 Dodging
 - Level 2.1 Stealth
 * Level 4.2 Shields
 - Level 3.0 Spellcasting
 + Level 6.4 Conjurations


You had 8 spell levels left.
You knew the following spells:

 Your Spells              Type           Power      Damage    Failure   Level
a - Magic Dart            Conj           100%       1d8       14%         1
b - Searing Ray           Conj           60%        3d5       21%         2

Your spell library contained the following spells:

 Spells                   Type           Power      Damage    Failure   Level
 Dazzling Flash           Conj/Hex       32%        N/A       83%         3
 Fulminant Prism          Conj/Hex       8%         3d7       99%         4
 Iskenderun's Mystic Bla  Conj/Tloc      16%        2d5       99%         4


Dungeon Overview and Level Annotations

Branches:
Dungeon (4/15)              Sewer (visited)
 Temple: D:4-7

Altars:


Innate Abilities, Weirdness & Mutations

You are immune to sickness and miasma.
Your stone body is resilient. (AC +4)
You are immune to poison.
You resist negative energy. (rN+)
You are resistant to electric shocks. (rElec)
You are resistant to unholy torment.
You are immune to petrification.


Message History

You block the giant cockroach's attack.
The centaur unwields a +0 shortbow.
The centaur hits you. The centaur kicks you.
* * * LOW HITPOINT WARNING * * *
Casting: Searing Ray (safe; 21% risk of failure)
Confirm with . or Enter, or press ? or * to list all spells.
Aiming: Searing Ray (safe; 21% risk of failure)
Press: ? - help, Shift-Dir - straight line, f - centaur
Aim: a centaur, quivering arrows (87% to hit)
You miscast Searing Ray.
You are very lightly contaminated with residual magic.
Nothing appears to happen.
The centaur hits you.
* * * LOW HITPOINT WARNING * * *
You block the centaur's attack.
The giant cockroach bites you but does no damage.
You block the giant cockroach's attack. The centaur hits you.
* * * LOW HITPOINT WARNING * * *
The centaur barely misses you.
Casting: Searing Ray (safe; 21% risk of failure)
Confirm with . or Enter, or press ? or * to list all spells.
Aiming: Searing Ray (safe; 21% risk of failure)
Press: ? - help, Shift-Dir - straight line, f/p - centaur
Aim: a centaur, quivering arrows (87% to hit)
You miscast Searing Ray.
Nothing appears to happen.
The centaur hits you.
* * * LOW HITPOINT WARNING * * *
The centaur kicks you but does no damage.
You block the giant cockroach's attack.
Casting: Searing Ray (safe; 21% risk of failure)
Confirm with . or Enter, or press ? or * to list all spells.
Aiming: Searing Ray (safe; 21% risk of failure)
Press: ? - help, Shift-Dir - straight line, f/p - centaur
Aim: a centaur, quivering arrows (87% to hit)
The searing ray hits the centaur!
The centaur is heavily wounded. (Press . to maintain the ray.)
The centaur hits you.
* * * LOW HITPOINT WARNING * * *
The centaur kicks you but does no damage.
The giant cockroach bites you but does no damage.
The centaur hits you.
You die...

*,,,,,,,,,,.#...............##...
*,,,,,,,,,,..#...................
*,,,,,,,,,,,.....................
*,,,,,,,,,,,,#...................
********,,,,,#.........#≈#.......
*,,,,,,,,,,,#.........#≈#.......
*,,,,,,,,,,,#.........#≈#†......
*,,,,,,,,,,,#.........#≈#.......
*******,,,,,#..@......#≈#.......
*,,,,,#.cB......#≈#.......
*,,,,,#.........#≈#.......
*,,,,,#.........#.#.......
*,,,,,#.........#≈#..###)#
*,,,,,#.........###..# #)#
******########### #### #.# #..
###


You could see a centaur and a giant cockroach.

Vanquished Creatures
  Purgy (Sewer)
  Terence (D:2)
  2 orc wizards (D:4)
  Robin (D:2)
  8 adders
  2 worms
  2 dart slugs
  3 orcs (D:4)
  6 ball pythons
  9 bats
  4 endoplasms
  3 giant cockroaches
  9 goblins
  12 hobgoblins
  2 jackals (D:1)
  5 kobolds
  2 quokkas
  4 frilled lizards
  2 rats
78 creatures vanquished.

Notes
Turn   | Place    | Note
-------+----------+-------------------------------------------
     0 | D:1      | freelancePsychic the Gargoyle Conjurer began the quest for
                  | the Orb.
     0 | D:1      | Reached XP level 1. HP: 10/10 MP: 3/3
     4 | D:1      | Noticed a minotaur zombie
    17 | D:1      | Noticed a merfolk zombie
   286 | D:1      | Reached XP level 2. HP: 15/15 MP: 3/5
   396 | D:1      | Learned a level 2 spell: Searing Ray
   580 | D:1      | Found a faded altar of an unknown god.
   893 | D:2      | Reached XP level 3. HP: 19/19 MP: 3/6
  1031 | D:2      | Reached skill level 5 in Conjurations
  1031 | D:2      | Noticed Robin
  1259 | D:2      | Killed Robin
  1337 | D:2      | Reached XP level 4. HP: 24/24 MP: 3/8
  1403 | D:2      | Noticed Terence
  1450 | D:2      | Killed Terence
  1451 | D:2      | Reached skill level 1 in Shields
  1650 | D:2      | Reached XP level 5. HP: 22/28 MP: 9/9
  3154 | D:4      | Reached skill level 6 in Conjurations
  3160 | D:4      | Reached XP level 6. HP: 15/32 MP: 10/10
  3341 | D:4      | Found a glowing drain.
  3350 | Sewer    | Entered a sewer
  3440 | Sewer    | Noticed Purgy
  3470 | Sewer    | Killed Purgy
  3577 | D:4      | HP: 1/32 [centaur (3)]
  3577 | D:4      | Slain by a centaur

Illustrated notes

Levels and vault maps discovered:
D:1:      shiori_arrival_whats_in_store_for_you, layout_basic,
          hellmonk_ecumenical_altar_leap_of_faith, minmay_misc_feat_square
D:2:      layout_loops_ring, kennysheep_generic_room_8, uniq_terence, uniq_robin
D:3:      layout_basic
D:4:      minmay_chambers_of_fours, layout_basic, portal_sewer_entry_d,
          uniq_ijyb, uniq_duvessa, uniq_sigmund

Skill      XL: |  1  2  3  4  5  6 |
---------------+-------------------+-----
Conjurations   | 5 6 |  6.4
Spellcasting   | 3 |  3.0
Shields        | 1 3 4 |  4.2
Dodging        | |  1.5
Stealth        | |  2.1

Action                   |  1- 3 |  4- 6 || total
-------------------------+-------+-------++-------
Melee: Unarmed           |    27 |     1 ||    28
       Mace              |       |    55 ||    55
 Cast: Magic Dart        |    28 |    10 ||    38
       Searing Ray       |     9 |    27 ||    36
Evoke: Wand              |       |     2 ||     2
  Use: Scroll            |       |     9 ||     9
       Potion            |       |     2 ||     2
Armor: Robe              |    14 |    38 ||    52
Dodge: Dodged            |    29 |    55 ||    84
Block: Tower shield      |       |     7 ||     7

Table legend: (Time is in decaauts)
 A = Elapsed time spent in this place.
 B = Non-inter-level travel time spent in this place.
 C = Inter-level travel time spent in this place.
 D = Time resting spent in this place.
 E = Time spent auto-exploring this place.
 F = Levels seen in this place.
 G = Mean time per level.
                   A        B        C        D        E       F      G
               +--------+--------+--------+--------+--------+-----+--------+
         Total |   3608 |   3530 |     78 |    303 |   2622 |   5 |  721.6 |
       Dungeon |   3397 |   3319 |     78 |    303 |   2490 |   4 |  849.2 |
         Sewer |    211 |    211 |      0 |      0 |    132 |   1 |  211.0 |
               +--------+--------+--------+--------+--------+-----+--------+

Top non-repeatable levels by time:
     D:1: 1165 daAuts
     D:2: 1121 daAuts
     D:3: 841 daAuts
     D:4: 269 daAuts
   Sewer: 211 daAuts
